 Dungeon Crawl Stone Soup version 0.26-a0-651-gb41185065b (webtiles) character file.

Game seed: 5244888221966238389

149 Irenicus the Charlatan (level 5, 0/44 HPs)
             Began as a Deep Dwarf Artificer on Sept 29, 2020.
             Slain by a bullfrog (3 damage)
             ... in a sewer.
             The game lasted 00:13:30 (1806 turns).

Irenicus the Charlatan (Deep Dwarf Artificer)       Turns: 1806, Time: 00:13:31

Health: 0/44       AC:  5    Str: 16    XL:     5   Next: 9%
Magic:  5/5        EV: 12    Int: 12    God:
Gold:   188        SH:  0    Dex: 13    Spells: 4/4 levels left

rFire    . . .     SeeInvis .   l - +0 dagger
rCold    + . .     Faith    .   (no shield)
rNeg     . . .     Spirit   .   b - +0 leather armour
rPois    .         Reflect  .   (no helmet)
rElec    .         Harm     .   n - +1 cloak
rCorr    .         Rampage  .   (no gloves)
MR       .....                  (no boots)
Stlth    +.........             (no amulet)
HPRegen  0.00/turn              o - ring of protection from cold {rC+, !d}
MPRegen  0.09/turn              (no ring)

@: non-regenerating, very slow
A: damage resistance, heal wounds, sense surroundings 1, no regeneration
a: Heal Wounds


You were in a sewer.
You visited 1 branch of the dungeon, and saw 3 of its levels.
You also visited: Sewer.

You collected 188 gold pieces.

Inventory:

Hand Weapons
 l - a +0 dagger (weapon)
   (You took it off a goblin on level 1 of the Dungeon)
Missiles
 a - 59 stones (quivered)
Armour
 b - a +0 leather armour (worn)
 n - a +1 cloak (worn)
   (You found it on level 1 of the Dungeon)
Jewellery
 o - a ring of protection from cold (left hand) {rC+, !d}
   (You found it on level 2 of the Dungeon)
 p - an uncursed ring of ice {rC+, rF-}
   (You found it on level 2 of the Dungeon)
Wands
 d - a wand of enslavement (11)
Scrolls
 i - a scroll of magic mapping {!r}
 j - 2 scrolls of remove curse
 k - a scroll of enchant armour
Potions
 f - 2 potions of lignification {!q}
 m - 2 potions of berserk rage {!q}


   Skills:
 - Level 1.4 Fighting
 - Level 2.1 Armour
 - Level 2.2 Dodging
 - Level 1.2 Stealth
 + Level 7.0 Evocations


You had 4 spell levels left.
You didn't know any spells.
Your spell library was empty.

Dungeon Overview and Level Annotations

Branches:
Dungeon (3/15)              Sewer (1/1)

Altars:


Innate Abilities, Weirdness & Mutations

You are resistant to damage.
You can heal yourself by infusing magical energy.
You passively map a small area around you.
You do not regenerate.


Message History

You closely miss the giant cockroach.
The frilled lizard hisses angrily.
The giant cockroach bites you but does no damage.
You hit the giant cockroach but do no damage.
The giant cockroach misses you.
You closely miss the giant cockroach.
The giant cockroach barely misses you. x2
You closely miss the giant cockroach.
The giant cockroach bites you but does no damage.
You closely miss the giant cockroach. The giant cockroach barely misses you.
You barely miss the giant cockroach. The giant cockroach closely misses you.
You hit the giant cockroach.
You kill the giant cockroach!
You have reached level 5!
You regained 2 hp, and now have 12/44 hp.
MP restored: 5
Aim: a giant cockroach
Okay, then.
You hit the giant cockroach but do no damage.
The giant cockroach bites you but does no damage.
The bolt of poison hits the giant cockroach!!
The giant cockroach is poisoned.
You kill the giant cockroach!
The bolt of poison misses the frilled lizard.
Something bites you but does no damage.
You hit something. Something bites you.
You barely miss something. Something bites you.
You are poisoned.
Something poisons you!
You closely miss something. Something barely misses you.
Something bites you but does no damage.
You hit something.
The frilled lizard unfolds its giant frill.
Something bites you but does no damage.
You closely miss something. Something bites you but does no damage.
You completely miss something. Something bites you but does no damage.
You closely miss something.
An adder appears from thin air!
Reactivating autopickup.
The adder closely misses you. The adder barely misses you.
You hit the adder. The adder completely misses you.
You closely miss the adder. The adder closely misses you.
You closely miss the adder. The adder barely misses you.
The adder bites you but does no damage.
Aim: an adder (heavily wounded, misshapen and mutated)
The mass of ice explodes!
The iceblast engulfs the adder!
You kill the adder!
Your Evocations skill increases to level 7!
The iceblast engulfs the frilled lizard!!
You kill the frilled lizard!
The iceblast engulfs you! You partially resist.
* * * LOW HITPOINT WARNING * * *
The now-empty wand crumbles to dust.
You take 9 damage, and have 3/44 hp.
MASSIVE DAMAGE!!
It was a potion of haste.
You feel yourself speed up.
It was a potion of curing.
You feel better.
You regained 10 hp, and now have 13/44 hp.
You see here a giant cockroach corpse.
You enter the shallow water.
Moving in this stuff is going to be slow.
You enter the shallow water.
Moving in this stuff is going to be slow.
You enter the shallow water.
Moving in this stuff is going to be slow.
The leopard gecko hisses angrily.
You enter the shallow water.
Moving in this stuff is going to be slow.
You enter the shallow water.
Moving in this stuff is going to be slow.
You enter the shallow water.
Moving in this stuff is going to be slow.
Your extra speed is starting to run out.
You feel yourself slow down. Why would you want to do that?
You enter the shallow water.
Moving in this stuff is going to be slow.
Found a gate leading back out of this place.
You enter the shallow water.
Moving in this stuff is going to be slow.
A bullfrog comes into view.
The bullfrog croaks.
A bullfrog comes into view.
The bullfrog hits you.
* * * LOW HITPOINT WARNING * * *
You take 3 damage, and have 10/44 hp.
The bullfrog closely misses you. The bullfrog hits you.
* * * LOW HITPOINT WARNING * * *
The bullfrog barely misses you. The bullfrog closely misses you.
You take 3 damage, and have 7/44 hp.
Aim: a bullfrog (water, chance to defeat MR: 67%)
The bullfrog struggles to resist.
The bullfrog closely misses you. x2
The bullfrog hits you.
Aim: a bullfrog (water, chance to defeat MR: 67%)
The bullfrog struggles to resist.
The bullfrog barely misses you. The bullfrog hits you.
* * * LOW HITPOINT WARNING * * *
The bullfrog barely misses you.
You take 4 damage, and have 3/44 hp.
Aim: a bullfrog (water, chance to defeat MR: 67%)
The bullfrog is charmed.
Your bullfrog hits the bullfrog! The bullfrog hits you.
You die...

#∩# #.≈≈≈.≈≈≈≈≈..≈≈≈≈≈*
#.# #.#
#.≈≈≈≈≈≈≈≈≈(.≈≈≈≈≈* #.#
#∩# #.≈≈≈≈≈≈≈≈|?$.≈≈≈≈*
#.# #.#
#.≈≈≈≈≈≈≈≈≈".≈≈≈≈≈# #.#
### #.≈≈≈≈≈≈≈..≈.≈≈≈≈≈#
#.# #.≈≈≈≈≈≈.≈.≈.≈≈≈≈≈#
#.# #.≈≈≈≈≈≈≈≈....≈≈≈#*
#≈# #.≈≈≈≈≈≈≈≈≈...∩≈≈#
#≈# #.≈≈≈≈≈≈≈@F≈.≈≈≈≈#
#.# #.≈≈≈≈≈≈≈≈F≈≈≈≈≈#*
#≈# #.≈≈≈≈≈≈≈≈≈≈≈≈≈≈#
#.# #.†≈≈.≈≈≈≈≈≈≈≈≈##
#≈#
#.≈≈≈.≈≈≈≈≈≈≈≈########≈#
#.≈≈≈≈..≈≈≈≈≈≈≈≈≈†.≈≈≈≈#
#.≈≈≈≈≈≈≈≈≈≈≈≈≈≈≈≈≈≈≈≈≈#
#.≈≈≈≈≈≈≈≈≈≈≈≈≈≈≈≈≈≈≈≈.#
#..≈≈≈≈≈≈≈†≈≈≈≈≈≈≈≈≈≈≈.#


You could see a bullfrog and a friendly bullfrog (charmed).

Vanquished Creatures
  9 adders
  A river rat (D:3)
  2 worms (D:2)
  2 leopard geckos
  An orc (D:3)
  3 ball pythons
  7 giant cockroaches
  9 goblins
  2 hobgoblins
  3 kobolds
  A bat (D:2)
  3 frilled lizards (Sewer)
  7 rats
50 creatures vanquished.

Vanquished Creatures (collateral kills)
  2 giant cockroaches (Sewer)
  A ball python (Sewer)
  A frilled lizard (Sewer)
4 creatures vanquished.

Grand Total: 54 creatures vanquished

Notes
Turn   | Place    | Note
-------+----------+-------------------------------------------
     0 | D:1      | Irenicus the Deep Dwarf Artificer began the quest for the
                  | Orb.
     0 | D:1      | Reached XP level 1. HP: 16/16 MP: 1/1
   157 | D:1      | Reached skill level 1 in Fighting
   666 | D:2      | Reached skill level 2 in Dodging
   666 | D:2      | Reached XP level 2. HP: 25/25 MP: 2/2
   893 | D:2      | Reached XP level 3. HP: 29/31 MP: 3/3
   903 | D:2      | Reached skill level 5 in Evocations
  1291 | D:3      | Reached XP level 4. HP: 36/38 MP: 4/4
  1388 | D:3      | Reached skill level 6 in Evocations
  1572 | D:3      | Found a glowing drain.
  1582 | Sewer    | Entered a sewer
  1733 | Sewer    | Reached XP level 5. HP: 12/44 MP: 5/5
  1747 | Sewer    | Reached skill level 7 in Evocations
  1747 | Sewer    | HP: 3/44 [shot self (9)]
  1802 | Sewer    | HP: 10/44 [bullfrog (3)]
  1805 | Sewer    | HP: 3/44 [bullfrog (4)]
  1806 | Sewer    | Slain by a bullfrog

Illustrated notes

Levels and vault maps discovered:
D:1:      dpeg_arrival_stonehenge_8_columns, layout_loops_corners,
          serial_forest, infiniplex_forest_lined_3,
          infiniplex_forest_lined_3_way, infiniplex_forest_diagonal,
          infiniplex_forest_clump_small, infiniplex_forest_clump_large,
          infiniplex_forest_end_1, infiniplex_forest_end_double,
          infiniplex_forest_clump_long, infiniplex_forest_straight_1
D:2:      layout_basic
D:3:      layout_basic, gup_sewer_entry_bubbles
Sewer:    sewer_frog_island_01

Skill      XL: |  1  2  3  4  5 |
---------------+----------------+-----
Fighting       | 1 |  1.4
Dodging        | 2 |  2.2
Evocations     | 5 6 7 |  7.0
Armour         | |  2.1
Stealth        | |  1.2

Action                   |  1- 3 |  4- 6 || total
-------------------------+-------+-------++-------
Melee: Dagger            |    32 |    53 ||    85
       Club              |     3 |       ||     3
Throw: Javelin           |    33 |    22 ||    55
Evoke: Wand              |    15 |    19 ||    34
  Use: Scroll            |       |     5 ||     5
       Potion            |       |     4 ||     4
 Stab: Confused          |     1 |       ||     1
       Sleeping          |     1 |       ||     1
Armor: Leather armour    |    29 |    20 ||    49
       Skin              |       |    30 ||    30
Dodge: Dodged            |    44 |    36 ||    80

Table legend: (Time is in decaauts)
 A = Elapsed time spent in this place.
 B = Non-inter-level travel time spent in this place.
 C = Inter-level travel time spent in this place.
 D = Time resting spent in this place.
 E = Time spent auto-exploring this place.
 F = Levels seen in this place.
 G = Mean time per level.
                   A        B        C        D        E       F      G
               +--------+--------+--------+--------+--------+-----+--------+
         Total |   1870 |   1870 |      0 |      5 |      0 |   4 |  467.5 |
       Dungeon |   1627 |   1627 |      0 |      0 |      0 |   3 |  542.3 |
         Sewer |    242 |    242 |      0 |      5 |      0 |   1 |  242.0 |
               +--------+--------+--------+--------+--------+-----+--------+

Top non-repeatable levels by time:
     D:2: 721 daAuts
     D:1: 565 daAuts
     D:3: 340 daAuts
   Sewer: 242 daAuts

Table legend:
 A = Kills in this place as a percentage of kills in entire the game.
 B = Kills by you in this place as a percentage of kills by you in the entire game.
 C = Kills by friends in this place as a percentage of kills by friends in the entire game.
 D = Other kills in this place as a percentage of other kills in the entire game.
 E = Experience gained in this place as a percentage of experience gained in the entire game.
 F = Experience gained in this place divided by the number of levels of this place that you have seen.
                   A       B       C       D       E      F
               +-------+-------+-------+-------+-------+----------------------
         Total | 100.0 | 100.0 | 100.0 |   N/A | 100.0 |  53.5
       Dungeon |  68.5 |  74.0 |   0.0 |   N/A |  71.5 |  51.0
         Sewer |  31.5 |  26.0 | 100.0 |   N/A |  28.5 |  61.0
               +-------+-------+-------+-------+-------+----------------------
